 Dungeon Crawl Stone Soup version 0.17.1-2-g5865329 (webtiles) character file.

103 xeno23 the Charmwright (level 4, 0/30 HPs)
             Began as a High Elf Skald on Jan 29, 2016.
             Succumbed to an adder's poison
             ... on level 3 of the Dungeon.
             The game lasted 00:08:23 (1511 turns).

xeno23 the Charmwright (High Elf Skald)             Turns: 1511, Time: 00:08:23

Health: 0/30       AC:  5    Str: 17    XL:     4   Next: 51%
Magic:  3/9        EV: 16    Int: 15    God:
Gold:   131        SH:  0    Dex: 20    Spells: 3 memorised, 3 levels left

rFire  . . .     SeeInvis .     a - +0 falchion
rCold  . . .     Clarity  .     f - +0 ring mail
rNeg   . . .     SustAt   .     (no shield)
rPois  .         Gourm    .     (no helmet)
rElec  .         Spirit   .     (no cloak)
rCorr  .         Warding  .     (no gloves)
rMut   .         Stasis   .     (no boots)
MR     .....                    q - amulet of inaccuracy
Stlth  ++........               (no ring)
                                (no ring)

@: mighty, agile, lethally poisoned (0 -> -2), not resistant to hostile
enchantments, unstealthy
A: no striking features
a: no special abilities


You were on level 3 of the Dungeon.
You were not hungry.

You visited 1 branch of the dungeon, and saw 3 of its levels.

You collected 131 gold pieces.

Inventory:

Hand Weapons
 a - a +0 falchion (weapon)
 b - a +0 hunting sling
 h - a +1 dagger of flaming
 j - a +0 spear
Missiles
 e - 8 sling bullets
 t - 4 javelins (quivered)
Armour
 f - a +0 ring mail (worn)
Jewellery
 q - an amulet of inaccuracy (around neck)
Wands
 g - a wand of confusion (12)
Scrolls
 i - 3 scrolls of remove curse
 k - 3 scrolls of identify
 n - a scroll of blinking {unknown}
 s - a scroll of enchant armour {unknown}
 u - 3 scrolls of random uselessness {unknown}
Potions
 l - 2 potions of agility
 p - a potion of resistance
Books
 c - a book of Battle

   Spells                             Type                      Level
   a - Infusion                       Charms                       1
   b - Shroud of Golubria             Charms/Translocation         2
   c - Song of Slaying                Charms                       2
   d - Spectral Weapon                Hexes/Charms                 3
   e - Regeneration                   Charms/Necromancy            3
Comestibles
 d - 3 bread rations
 m - a meat ration
 r - 4 chunks of flesh


   Skills:
 + Level 2.7 Fighting
 * Level 3.4 Long Blades
 + Level 1.6 Armour
 + Level 1.4 Dodging
 + Level 3.1 Spellcasting
 + Level 0.6 Hexes
 * Level 4.0 Charms
 + Level 0.4 Translocations


You had 3 spell levels left.
You knew the following spells:

 Your Spells              Type           Power        Failure   Level  Hunger
a - Infusion              Chrm           ##....       10%         1    #......
d - Shroud of Golubria    Chrm/Tloc      #.........   21%         2    ##.....
s - Spectral Weapon       Hex/Chrm       #.......     41%         3    ###....


Dungeon Overview and Level Annotations

Branches:
Dungeon (3/15)

Altars:
Gozag
Kikubaaqudgha
Nemelex Xobeh


Message History

You feel sick.
You take 1 damage.
You are no longer magically infusing your attacks.
* * * LOW HITPOINT WARNING * * *
You feel sick.
Your magical contamination has completely faded away.
You take 1 damage.
Drink which item? (? for menu, Esc to quit)
It was a potion of agility.
You feel agile all of a sudden.
Drink which item? (? for menu, Esc to quit)
It was a potion of might.
You feel very mighty all of a sudden.
* * * LOW HITPOINT WARNING * * *
You feel sick.
You take 1 damage.
Drink which item? (? for menu, Esc to quit)
Okay, then.
There is a lethal amount of poison in your body!
You die...

#.........##.......#
#..#########....##....
##..# #.....## ....
#..## #..(.### ##.
#..# #...... #..#
#####....## ###..#
##........#..
#...####......##...#
#...# #.....@......#
##...###..........###
#...).....>....####
#.......#.....##
#.......#.....#
#.......#.....#
##.>.#####...## #####
#####


There were no monsters in sight!

Vanquished Creatures
  5 adders
  An ooze (D:3)
  3 worms
  6 bats
  10 goblins
  7 hobgoblins
  2 jackals (D:1)
  4 kobolds
  A quokka (D:2)
  A giant cockroach (D:3)
  4 giant newts
  5 rats
49 creatures vanquished.

Notes
Turn   | Place    | Note
--------------------------------------------------------------
     0 | D:1      | xeno23 the High Elf Skald began the quest for the Orb.
     0 | D:1      | Reached XP level 1. HP: 14/14 MP: 4/4
    33 | D:1      | Reached skill level 1 in Armour
   208 | D:1      | Reached XP level 2. HP: 13/19 MP: 6/6
   506 | D:1      | Found a sparkling altar of Nemelex Xobeh.
   850 | D:2      | Reached XP level 3. HP: 20/24 MP: 1/8
  1093 | D:2      | Learned a level 2 spell: Shroud of Golubria
  1097 | D:2      | Learned a level 3 spell: Spectral Weapon
  1253 | D:2      | Found an opulent altar of Gozag.
  1321 | D:3      | Reached XP level 4. HP: 28/30 MP: 3/9
  1362 | D:3      | Found an ancient bone altar of Kikubaaqudgha.
  1462 | D:3      | Reached skill level 4 in Charms
  1503 | D:3      | HP: 1/30 [poisoned by an adder]
  1511 | D:3      | Succumbed to an adder's poison

Action                   |  1- 3 |  4- 6 || total
-------------------------+-------+-------++-------
Melee: Dagger            |    57 |       ||    57
       Falchion          |    41 |    58 ||    99
 Fire: Hunting sling     |     9 |       ||     9
 Cast: Infusion          |    13 |     4 ||    17
       Shroud of Golubri |       |     1 ||     1
  Use: Scroll            |       |     2 ||     2
       Potion            |       |     2 ||     2
  Eat: Chunk             |     1 |     1 ||     2
